 Dungeon Crawl Stone Soup version 0.22-a0-422-g9628fc8 (webtiles) character file.

7873 Sergey the Martial Artist (level 11, -11/72 HPs)
             Began as a Merfolk Warper on May 21, 2018.
             Was an Elder of Ru.
             Mangled by a catoblepas (35 damage)
             ... on level 11 of the Dungeon.
             The game lasted 01:24:30 (9378 turns).

Sergey the Martial Artist (Merfolk Warper)          Turns: 9378, Time: 01:24:30

Health: -11/72     AC:  5    Str: 13    XL:     11   Next: 22%
Magic:  10/15      EV: 16    Int: 15    God:    Ru [****..]
Gold:   422        SH: 17    Dex: 13    Spells: 8/16 levels left

rFire    + . .     SeeInvis .     - Unarmed
rCold    + . .     Gourm    .   h - +0 shield
rNeg     . . .     Faith    .   Y - +2 robe {rC+}
rPois    .         Spirit   .   (no helmet)
rElec    .         Reflect  +   (no cloak)
rCorr    .         Harm     .   O - +0 pair of gloves
MR       +....                  (no boots)
Stlth    +.........             k - +6 amulet of reflection
HPRegen  0.22/turn              i - ring of protection from fire
MPRegen  0.14/turn              U - ring of protection from magic

@: exhausted
A: change form in water, swift swim, stealthy swim, hated by all, inability to
train armour, unskilled 1
a: Draw Out Power, Power Leap, Renounce Religion


You were on level 11 of the Dungeon.
You worshipped Ru.
Ru was greatly pleased with you.
You were hungry.

You visited 2 branches of the dungeon, and saw 12 of its levels.
You also visited: Ossuary and Bailey.

You collected 886 gold pieces.
You spent 464 gold pieces at shops.

Inventory:

Hand Weapons
 c - a +7 rapier
 e - a +0 hand axe of electrocution
 q - a +1 dagger of venom
 s - a +0 hand crossbow
 w - a +0 dagger of protection
Missiles
 b - 6 throwing nets (quivered) {!f}
 j - 56 bolts
 o - 117 arrows
 u - 2 needles of sleeping
 v - 8 tomahawks
 B - 22 poisoned needles
 M - 8 exploding tomahawks
 V - 2 javelins
Armour
 a - a +0 leather armour
 h - a +0 shield (worn)
 L - a +1 robe of positive energy
 O - a +0 pair of gloves (worn)
 T - a +0 robe of cold resistance
 Y - a +2 robe of cold resistance (worn)
Magical Staves
 t - an uncursed staff of fire
 X - an uncursed staff of energy
Jewellery
 i - a ring of protection from fire (left hand)
 k - a +6 amulet of reflection (around neck)
 D - an uncursed ring of resist corrosion
 E - an uncursed ring of loudness
 U - a ring of protection from magic (right hand)
Wands
 y - a wand of acid (1)
Scrolls
 d - 7 scrolls of teleportation {@r3}
 l - 6 scrolls of remove curse {@r2}
 n - a scroll of noise
 C - a scroll of fear
 F - a scroll of enchant armour
 G - a scroll of fog {unknown}
 I - a scroll of vulnerability {unknown}
 W - a scroll of magic mapping
Potions
 g - a potion of agility
 p - 3 potions of curing {@q2}
 r - a potion of cancellation
 x - a potion of haste
 z - 3 potions of ambrosia
 A - 3 potions of brilliance
 H - a potion of heal wounds {@q1}
 J - 2 potions of berserk rage {unknown}
 K - 2 potions of flight
 N - 3 potions of invisibility
 P - a potion of degeneration {unknown}
 Q - 2 potions of lignification
 R - 2 potions of magic
Comestibles
 f - 16 rations
 m - a chunk of flesh


   Skills:
 - Level 2.0 Fighting
 - Level 0.8 Throwing
 - Level 8.6 Dodging
 * Level 9.7 Shields
 - Level 10.0 Unarmed Combat
 + Level 3.2 Spellcasting
 - Level 2.1 Translocations
 * Level 5.6 Transmutations


You had 8 spell levels left.
You knew the following spells:

 Your Spells              Type           Power        Failure   Level  Hunger
a - Beastly Appendage     Tmut           ###...       3%          1    #......
b - Sticks to Snakes      Tmut           ###.....     5%          2    ##.....
c - Spider Form           Tmut/Pois      ##........   34%         3    ###....
e - Blink                 Tloc           N/A          22%         2    ##.....

Your spell library contained the following spells:

 Spells                   Type           Power        Failure   Level  Hunger
 Cause Fear               Hex            #.........   98%         4    #####..
 Fireball                 Conj/Fire      #.........   100%        5    ######.
 Bolt of Fire             Conj/Fire      #.........   100%        6    #######
 Ring of Flames           Chrm/Fire      #.........   100%        7    #######
 Teleport Other           Tloc           #.......     41%         3    ###....
 Blade Hands              Tmut           ###.......   71%         5    ######.
 Ice Form                 Ice/Tmut       ##......     75%         4    #####..
 Deflect Missiles         Chrm/Air       #.........   100%        6    #######
 Ignite Poison            Fire/Tmut/Pois #.......     45%         3    ###....
 Silence                  Hex/Air        #.........   100%        5    ######.
 Passage of Golubria      Tloc           N/A          83%         4    #####..
 Shroud of Golubria       Chrm/Tloc      #.........   36%         2    ##.....
 Discord                  Hex            #.........   100%        8    #######
 Gell's Gravitas          Tloc           #.........   41%         3    ###....
 Yara's Violent Unravell  Hex/Tmut       ##........   97%         5    ######.
 Lesser Beckoning         Tloc           #.........   41%         3    ###....
 Ignition                 Fire           #.........   100%        8    #######


Dungeon Overview and Level Annotations

Branches:
Dungeon (11/15)              Lair (1/6) D:9
 Temple: D:4-7          Orc: D:9-12

Altars:
Ashenzari
Dithmenos
Fedhas
Kikubaaqudgha
Makhleb
Nemelex Xobeh
Ru
Uskayaw
Yredelemnul
The Shining One

Shops:
D:4 **

Annotations:
D:8 exclusion: downstairs
D:9 exclusions: door and downstairs
D:10 Snorg


Innate Abilities, Weirdness & Mutations

You revert to your normal form in water.
You are very nimble and swift while swimming.
You are very stealthy in the water. (Stealth+)
You are hated by all.
You cannot train Armour skill.
You are somewhat unskilled. (-1 Apt)


Message History

The catoblepas is severely wounded.
Your transformation has ended.
Your +0 pair of gloves unmelds from your body.
Your +0 shield unmelds from your body.
Your +2 robe of cold resistance unmelds from your body.
You feel resistant to cold.
The catoblepas is stunned by your will and fails to attack.
The catoblepas breathes a plume of calcifying dust at you.
The blast of calcifying dust hits you!
A bullfrog zombie comes into view.
The bullfrog zombie moves out of view.
The catoblepas breathes a plume of calcifying dust at you.
The blast of calcifying dust hits you!
Evoke which item? (* to show all) (? for menu, Esc to quit)
Okay, then.
The catoblepas breathes a plume of calcifying dust at you.
The blast of calcifying dust hits you!
You redirect the catoblepas's attack!
The catoblepas gores you!!
You die...

... ... ..####.#.# .#
#.#.##.#.###.##
#.#.##.#......
.............
#.#.##.#.#..
#§#.##.#.#.#
#§#.##.#.#.#
#.§.@......#
#.§Y##.#.###
#####...##§#.####
.........§........
#####...##.#.#####
#......##.#.#
#.####)###...#.#..
#.......).....#.....
#######.#.###.#..#...


You could see a catoblepas.

Vanquished Creatures
  A two-headed ogre (D:8)
  Pikel (D:4)
  Psyche (D:8)
  A hippogriff (D:11)
  Sigmund (D:5)
  2 yaks (D:9)
  2 wyverns
  Eustachio (D:6)
  A hungry ghost (D:9)
  Edmund (D:6)
  A water moccasin (D:9)
  3 orc warriors
  A phantom (D:9)
  3 sky beasts
  A necrophage (D:9)
  An ogre (D:4)
  5 centaurs
  8 gnoll sergeants (Bailey)
  4 bullfrogs
  2 wyvern skeletons
  4 scorpions
  A howler monkey (D:6)
  10 wights
  A bullfrog zombie (D:6)
  4 crimson imps
  A quasit (D:6)
  A centaur zombie (D:5)
  7 hounds
  3 orc priests
  2 jellies (D:9)
  15 orc wizards
  7 gnoll shamans
  12 worker ants
  Terence (D:3)
  4 iguanas
  3 big kobold zombies (Ossuary)
  A hound zombie (D:9)
  3 hound skeletons
  A mummy (Ossuary)
  A worker ant zombie (D:5)
  17 gnolls
  13 adders
  3 shadow imps
  A white imp (D:4)
  An ooze (D:4)
  A worm (D:3)
  2 dart slugs
  5 leopard geckos
  35 orcs
  3 giant cockroaches
  5 gnoll zombies (Ossuary)
  6 goblins
  4 hobgoblins
  2 quokkas
  A ball python (D:4)
  5 bats
  5 frilled lizards
  A goblin simulacrum (Ossuary)
  A goblin skeleton (D:4)
  3 goblin zombies (Ossuary)
  7 hobgoblin zombies
  2 jackal skeletons (D:5)
  7 kobolds
  2 kobold skeletons (D:4)
  5 kobold zombies (Ossuary)
  4 orc skeletons (D:4)
  6 orc zombies
  2 quokka skeletons
  A quokka zombie (D:7)
  7 rats
280 creatures vanquished.

Vanquished Creatures (others)
  A yak (D:9)
  A black bear (D:10)
  A howler monkey (D:5)
  A gnoll (D:7)
  An orc (D:10)
5 creatures vanquished.

Grand Total: 285 creatures vanquished

Notes
Turn   | Place    | Note
-------+----------+-------------------------------------------
     0 | D:1      | Sergey the Merfolk Warper began the quest for the Orb.
     0 | D:1      | Reached XP level 1. HP: 16/16 MP: 3/3
   173 | D:2      | Reached skill level 3 in Unarmed Combat
   173 | D:2      | Reached XP level 2. HP: 7/22 MP: 5/5
   318 | D:1      | You fall through a shaft!
   385 | D:2      | Reached XP level 3. HP: 19/27 MP: 6/6
   731 | D:3      | Noticed Terence
   763 | D:3      | Killed Terence
   763 | D:3      | Reached skill level 1 in Shields
   763 | D:3      | Reached XP level 4. HP: 13/33 MP: 7/7
   900 | D:3      | Found a shattered altar of Ashenzari.
   954 | D:4      | Found a glowing golden altar of the Shining One.
   985 | D:4      | Reached skill level 4 in Unarmed Combat
  1150 | D:3      | Found a sacrificial altar of Ru.
  1188 | D:3      | Became a worshipper of Ru the Awakened
  1303 | D:3      | Reached XP level 5. HP: 38/38 MP: 8/8
  1602 | D:3      | Learned a level 2 spell: Blink
  1890 | D:4      | Noticed a slave
  1891 | D:4      | Noticed a slave
  1891 | D:4      | Noticed a slave
  1891 | D:4      | Noticed Pikel
  1993 | D:4      | Noticed a slave
  2100 | D:3      | Reached XP level 6. HP: 39/44 MP: 6/9
  2144 | D:5      | Entered Level 5 of the Dungeon
  2147 | D:5      | Noticed a sky beast
  2215 | D:4      | Reached skill level 5 in Unarmed Combat
  2240 | D:4      | HP: 2/44 [poisoned by a worker ant]
  2246 | D:4      | HP: 1/44 [poisoned by a worker ant]
  2722 | D:4      | Killed Pikel
  2722 | D:4      | Reached skill level 5 in Dodging
  2722 | D:4      | Reached skill level 6 in Unarmed Combat
  2722 | D:4      | Reached XP level 7. HP: 16/50 MP: 10/10
  2903 | D:4      | Found Metojo Ewoph's Assorted Antiques.
  2926 | D:4      | Bought a scroll of identify for 36 gold pieces
  2926 | D:4      | Bought a scroll of blinking for 135 gold pieces
  2926 | D:4      | Bought a scroll labeled QETTEX QIUGHAA for 18 gold pieces
  2938 | D:4      | Found Kazihatu's General Store.
  3053 | D:4      | Found Natinum's Antique Armour Shoppe.
  3082 | D:4      | Gained mutation: You cannot train Armour skill. [Ru sacrifice]
  3082 | D:4      | Reached * piety under Ru
  3255 | D:5      | Reached skill level 5 in Shields
  3255 | D:5      | Reached XP level 8. HP: 18/56 MP: 11/11
  3385 | D:4      | Reached skill level 7 in Unarmed Combat
  3912 | D:5      | Noticed Sigmund
  3993 | D:6      | Found a glowing golden altar of the Shining One.
  3999 | D:6      | Found a basalt altar of Yredelemnul.
  4001 | D:6      | Noticed a profane servitor
  4140 | D:7      | Reached skill level 8 in Unarmed Combat
  4406 | D:6      | Noticed Eustachio
  4432 | D:6      | Killed Eustachio
  4432 | D:6      | Reached XP level 9. HP: 12/61 MP: 12/12
  5047 | D:6      | Noticed Edmund
  5300 | D:6      | Reached skill level 9 in Unarmed Combat
  5535 | D:7      | Found a hide-covered altar of Uskayaw.
  5774 | D:7      | Gained mutation: You are hated by all. [Ru sacrifice]
  5774 | D:7      | Reached ** piety under Ru
  5859 | D:8      | Found a blossoming altar of Fedhas.
  5892 | D:8      | Found an ancient bone altar of Kikubaaqudgha.
  5893 | D:8      | Found a shadowy altar of Dithmenos.
  5916 | D:8      | Found a sand-covered staircase.
  5917 | D:8      | Noticed a two-headed ogre
  5958 | Ossuary  | Entered an ossuary
  6380 | D:9      | Reached XP level 10. HP: 31/67 MP: 13/13
  6400 | D:9      | Noticed a two-headed ogre
  6426 | D:8      | Noticed Psyche
  6431 | D:8      | Killed Psyche
  6431 | D:8      | Reached skill level 10 in Unarmed Combat
  6676 | D:9      | Noticed a death yak
  6676 | D:9      | Noticed a death yak
  6783 | D:8      | Killed a two-headed ogre
  6859 | D:9      | Found a staircase to the Lair.
  6859 | D:9      | Noticed a death yak
  6859 | D:9      | Noticed a death yak
  6859 | D:9      | Noticed a death yak
  6859 | D:9      | Noticed a death yak
  6860 | D:9      | Noticed a death yak
  7375 | D:6      | Killed Edmund
  7409 | D:5      | Killed Sigmund
  7439 | D:4      | Bought a book of Changes for 275 gold pieces
  7441 | D:4      | Learned a level 1 spell: Beastly Appendage
  7444 | D:4      | Learned a level 2 spell: Sticks to Snakes
  7448 | D:4      | Learned a level 3 spell: Spider Form
  7565 | D:4      | Found a burning altar of Makhleb.
  7653 | D:5      | Gained mutation: You are somewhat unskilled. (-1 Apt) [Ru sacrifice]
  7653 | D:5      | Reduced skill Spellcasting to level 1
  7653 | D:5      | Reached *** piety under Ru
  7653 | D:5      | Reached **** piety under Ru
  7689 | D:5      | Reached skill level 1 in Transmutations
  7890 | D:9      | Found a sparkling altar of Nemelex Xobeh.
  8166 | D:10     | Entered Level 10 of the Dungeon
  8166 | D:10     | Found a flagged portal.
  8177 | Bailey   | Entered a bailey
  8891 | D:9      | Reached XP level 11. HP: 33/72 MP: 5/15
  9067 | D:10     | Noticed Snorg
  9091 | Lair:1   | Entered Level 1 of the Lair of Beasts
  9226 | D:11     | Reached skill level 5 in Transmutations
  9344 | D:11     | Noticed a catoblepas
  9378 | D:11     | Mangled by a catoblepas

Vault maps used:
D:1:      dpeg_arrival_refuge
D:2:      first_ration, elyvilon_altar_1
D:3:      nicolae_ru_great_annihilating_truth, cheibrodos_ashenzari_chains,
          uniq_terence
D:4:      makhleb_blood_cavern_becter, serial_shops, kennysheep_little_box,
          nicolae_shop_competitors_out_of_business, shop,
          nicolae_tso_besieged_by_evil, uniq_pikel
D:5:      uniq_sigmund
D:6:      grunt_temple_overflow_holy_war, minmay_temple_entry_poolview,
          uniq_eustachio, uniq_edmund
D:7:      eat_drink_and_be_merry_uskayaw
D:8:      gammafunk_temple_overflow_forgotten, nicolae_ossuary_entry_monument,
          uniq_psyche
D:9:      marbit_many_paths, dpeg_lair_monsters, serial_co_window_serial,
          co_window_of_opportunity_a, co_window_corner_a, co_window_paths_a,
          co_window_paths_b, co_window_corner_a, co_window_cross_2,
          co_window_of_opportunity_b, co_window_broadway_b,
          co_window_of_opportunity_b, co_window_cross_4, co_window_2corner,
          co_window_paths_e
D:10:     erik_orc_4, enter_bailey_2, uniq_snorg
Lair:1:   nicolae_quartered_pool_little, cheibrodos_lair_reptile_den,
          serial_bayou_shore_a
Ossuary:  ossuary_zaba_two_paths
Bailey:   bailey_polearm_gnolls_kennysheep, bailey

Skill      XL: |  1  2  3  4  5  6  7  8  9 10 11 |
---------------+----------------------------------+-----
Dodging        | 3 4 5 7 8 8 |  8.6
Unarmed Combat | 3 4 6 8 9 10 | 10.0
Shields        | 1 2 4 5 6 8 9 |  9.7
Throwing       | 0 |  0.8
Spellcasting   | 2 3 |  3.2
Transmutations | 4 5 |  5.6
Fighting       | |  2.0
Translocations | |  2.1

Action                   |  1- 3 |  4- 6 |  7- 9 | 10-12 || total
-------------------------+-------+-------+-------+-------++-------
Melee: Unarmed           |    61 |    28 |    25 |   121 ||   235
       Punch             |     2 |       |       |       ||     2
       Dagger            |    30 |   193 |   379 |   164 ||   766
       Short sword       |    29 |       |       |       ||    29
       Hand axe          |       |       |   202 |    57 ||   259
       Tailslap          |       |       |       |     2 ||     2
       Headbutt          |       |       |       |     7 ||     7
 Fire: Hand crossbow     |       |       |       |   100 ||   100
Throw: Tomahawk          |     5 |       |     2 |       ||     7
       Throwing net      |       |       |       |     3 ||     3
 Cast: Blink             |       |     6 |       |       ||     6
       Beastly Appendage |       |       |       |    11 ||    11
       Spider Form       |       |       |       |    10 ||    10
       Sticks to Snakes  |       |       |       |     2 ||     2
Invok: Sacrifice Durabil |       |       |     1 |       ||     1
       Sacrifice Love    |       |       |     1 |       ||     1
       Power Leap        |       |       |       |    21 ||    21
       Sacrifice Skill   |       |       |       |     1 ||     1
Evoke: Wand              |       |       |     1 |     8 ||     9
  Use: Potion            |     1 |     3 |     1 |       ||     5
       Scroll            |     3 |     5 |    14 |     3 ||    25
 Stab: Sleeping          |       |     1 |       |     1 ||     2
       Paralysed         |       |       |       |     2 ||     2
       Invisible         |       |       |       |     4 ||     4
       Held in net/web   |       |       |       |     1 ||     1
  Eat: Chunk             |       |     4 |    13 |    13 ||    30
       Ration            |       |     1 |     2 |       ||     3
Armor: Leather armour    |    20 |    15 |    10 |       ||    45
       Skin              |       |     1 |       |     1 ||     2
       Robe              |       |     7 |    30 |    12 ||    49
Dodge: Dodged            |    63 |    57 |   177 |   145 ||   442
Block: Shield            |    24 |   167 |   406 |   227 ||   824
       Reflection        |     1 |     4 |     5 |     9 ||    19
       Other             |       |       |       |    13 ||    13

Table legend:
 A = Spawn XP
 B = Non-spawn XP
 C = Spawn XP percentage of total XP
 D = Spawn monster count
 E = Non-spawn monster count
 F = Spawn count percentage of total count
 G = Total turns spent on level
                    A         B        C        D         E        F      G
               +---------+---------+-------+---------+---------+-------+---------
         Total |       0 |   11248 |   0.0 |       0 |     284 |   0.0 |  9378
               +---------+---------+-------+---------+---------+-------+---------
           D:1 |       0 |      19 |   0.0 |       0 |      13 |   0.0 |   330
           D:2 |       0 |      28 |   0.0 |       0 |       9 |   0.0 |   417
           D:3 |       0 |     273 |   0.0 |       0 |      28 |   0.0 |  1022
           D:4 |       0 |    1281 |   0.0 |       0 |      32 |   0.0 |  1771
           D:5 |       0 |     885 |   0.0 |       0 |      31 |   0.0 |   872
           D:6 |       0 |    1735 |   0.0 |       0 |      34 |   0.0 |  1460
           D:7 |       0 |     625 |   0.0 |       0 |      21 |   0.0 |   568
           D:8 |       0 |    1755 |   0.0 |       0 |      11 |   0.0 |   726
           D:9 |       0 |    1948 |   0.0 |       0 |      28 |   0.0 |   914
          D:10 |       0 |     382 |   0.0 |       0 |      10 |   0.0 |   193
          D:11 |       0 |     996 |   0.0 |       0 |       9 |   0.0 |   121
       Ossuary |       0 |     121 |   0.0 |       0 |      28 |   0.0 |   297
        Bailey |       0 |    1200 |   0.0 |       0 |      30 |   0.0 |   683
               +---------+---------+-------+---------+---------+-------+---------
